 Dungeon Crawl Stone Soup version 0.17-a0-528-gc205fd0 (webtiles) character file.

478 terroien the Skirmisher (level 7, -1/61 HPs)
             Began as a Hill Orc Berserker on Apr 12, 2015.
             Was a Priest of Trog.
             Slain by an ice beast (3 damage)
             ... on level 5 of the Dungeon.
             The game lasted 00:51:06 (5077 turns).

terroien the Skirmisher (Hill Orc Berserker)        Turns: 5077, Time: 00:51:07

Health: -1/61      AC: 10    Str: 22    XL:     7   Next: 11%
Magic:  7/7        EV: 10    Int:  7    God:    Trog [***...]
Gold:   188        SH:  4    Dex: 14    Spells: 0 memorised, 6 levels left

rFire  . . .     SeeInvis .     n - +0 hand axe
rCold  + . .     Clarity  .     A - +1 scale mail of Incorporation {+Fly rC+ MR- Dex+4}
rNeg   . . .     SustAb   +     e - +0 buckler
rPois  .         Gourm    .     (no helmet)
rElec  .         Spirit   .     s - +0 cloak
rCorr  .         Warding  .     p - +0 pair of gloves
rMut   .         Stasis   .     (no boots)
MR     .....                    (no amulet)
Stlth  ..........               (no ring)
                                h - ring of sustain abilities

@: not resistant to hostile enchantments, extremely unstealthy
A: no striking features
a: Burn Spellbooks, Berserk, Trog's Hand, Renounce Religion, Evoke Flight


You were on level 5 of the Dungeon.
You worshipped Trog.
Trog was most pleased with you.
You were hungry.

You visited 2 branches of the dungeon, and saw 6 of its levels.

You collected 188 gold pieces.

Inventory:

Hand weapons
 l - a +0 blowgun
 n - a +0 hand axe (weapon)
Missiles
 b - 29 poisoned needles (quivered)
 i - 15 arrows
Armour
 e - a +0 buckler (worn)
 p - a +0 pair of gloves (worn)
 s - a +0 cloak (worn)
 u - a +0 large shield
 A - the +1 scale mail of Incorporation (worn) {+Fly rC+ MR- Dex+4}
   (You found it on level 5 of the Dungeon)

   It affects your dexterity (+4).
   It protects you from cold.
   It affects your resistance to hostile enchantments.
   It lets you fly.
Jewellery
 h - a ring of sustain abilities (left hand)
Magical devices
 v - a wand of polymorph (9)
Scrolls
 m - 2 scrolls of identify
 r - a scroll of remove curse
Potions
 a - a potion of poison {unknown}
 f - 2 potions of mutation {unknown}
 g - 5 potions of curing
 j - 2 potions of cure mutation
 k - a potion of haste {unknown}
 q - a potion of might {unknown}
 t - a potion of cancellation {unknown}
 x - a potion of heal wounds {unknown}
Comestibles
 c - 5 bread rations
 d - a meat ration
 o - 2 chunks of flesh


   Skills:
 + Level 5.3 Fighting
   Level 4.1 Long Blades
 * Level 4.5 Axes
 + Level 4.1 Armour
 - Level 2.3 Dodging
 * Level 2.5 Shields


You had 6 spell levels left.
You didn't know any spells.

Dungeon Overview and Level Annotations

Branches:
Dungeon (5/15)             Temple (1/1) D:4

Altars:
Ashenzari
Cheibriados
Dithmenos
Elyvilon
Kikubaaqudgha
Makhleb
Nemelex Xobeh
Okawaru
Qazlal
Ru
Sif Muna
Trog
Vehumet
Xom
Yredelemnul
Zin


Message History

The ice beast is moderately wounded.
The ice beast hits you but does no damage.
You closely miss the ice beast.
The ice beast is moderately wounded.
The ice beast hits you but does no damage.
You hit the ice beast.
The ice beast is moderately wounded.
The ice beast barely misses you.
You hit the ice beast but do no damage.
The ice beast is moderately wounded.
The ice beast hits you.
* * * LOW HITPOINT WARNING * * *
The ice beast freezes you. You resist.
* * * LOW HITPOINT WARNING * * *
A kobold comes into view. It is wielding a dagger.
The kobold shouts!
The ice beast hits you.
* * * LOW HITPOINT WARNING * * *
The ice beast freezes you. You resist.
You die...

# #.# #.... #.# ....
.. #.... .. ..... .
#### #. ..K... #.#
....... .. .......
#.#........
#...........#######
.. #@# #........
....####Y# #........
.........# #........
.........######
#........
..............#
#........ #.
########......#
#........
≈#.###########......#
#........
≈+............≈#.####
#........
≈≈#.............#..#
#........


You could see an ice beast and a kobold.

Vanquished Creatures
  An ogre (D:4)
  A crimson imp (D:5)
  An orc priest (D:4)
  Crazy Yiuf (D:2)
  An iguana (D:4)
  A centaur skeleton (D:5)
  6 gnolls
  7 adders
  5 worms
  3 giant geckos
  3 oozes
  5 orcs
  2 ball pythons (D:2)
  10 bats
  A bat skeleton (D:4)
  A bat zombie (D:5)
  3 giant cockroaches
  8 hobgoblins
  A quokka (D:2)
  4 giant newts
  8 goblins
  10 kobolds
  A quokka skeleton (D:4)
  8 rats
92 creatures vanquished.

Notes
Turn   | Place    | Note
--------------------------------------------------------------
     0 | D:1      | terroien, the Hill Orc Berserker, began the quest for the Orb.
     0 | D:1      | Reached XP level 1. HP: 19/19 MP: 1/1
   339 | D:1      | Reached XP level 2. HP: 24/27 MP: 2/2
   691 | D:1      | Reached skill level 4 in Fighting
   899 | D:2      | Reached XP level 3. HP: 20/33 MP: 3/3
  1081 | D:2      | Acquired Trog's second power
  1241 | D:2      | Found a basalt altar of Yredelemnul.
  1243 | D:2      | Found a stormy altar of Qazlal.
  1358 | D:2      | Noticed Crazy Yiuf
  1369 | D:2      | Killed Crazy Yiuf
  1369 | D:2      | Reached XP level 4. HP: 18/41 MP: 4/4
  2280 | D:3      | Reached skill level 1 in Shields
  2616 | D:3      | Reached XP level 5. HP: 47/47 MP: 5/5
  2631 | D:3      | Found a deep blue altar of Sif Muna.
  3022 | D:4      | Reached skill level 1 in Axes
  3742 | D:4      | Reached XP level 6. HP: 52/55 MP: 6/6
  3862 | D:4      | Reached skill level 5 in Fighting
  4056 | D:4      | Found a staircase to the Ecumenical Temple.
  4088 | Temple   | Entered the Ecumenical Temple
  4236 | D:5      | Entered Level 5 of the Dungeon
  4698 | D:5      | Found a shattered altar of Ashenzari.
  4713 | D:5      | Reached XP level 7. HP: 51/61 MP: 7/7
  4773 | D:5      | Got a jewelled scale mail
  4784 | D:5      | Identified the +1 scale mail of Incorporation {+Fly rC+ MR- Dex+4} (You found it on level 5 of the Dungeon)
  5071 | D:5      | HP: 3/61 [ice beast (3)]
  5077 | D:5      | HP: 2/61 [ice beast (2)]
  5077 | D:5      | Slain by an ice beast

Action                   |  1- 3 |  4- 6 |  7- 9 || total
-------------------------+-------+-------+-------++-------
Melee: Falchion          |   116 |       |       ||   116
       Hand axe          |       |   324 |    69 ||   393
Evoke: Wand              |       |       |     1 ||     1
  Use: Scroll            |     6 |     2 |       ||     8
  Eat: Chunk             |     1 |    10 |     1 ||    12
       Pizza             |       |     1 |       ||     1
